[ PARTIDA AOE2 · #484517446 ]
UnrankedAztecas vs Turks
[ ANÁLISIS DE REPETICIÓN · EXTRAÍDO DE LA PARTIDA GRABADA ]
Feudal
14:21
Castillos
20:21
Imperial
30:45
| APM promedio | 16.1 |
| APM pico | 47 |
| eAPM promedio | 14.7 |
| Aldeanos / militares | 141 / 144 |
Foco
⚔️ 35.8% · 🌾 64.2%
Spearman ×66 · Eagle Scout ×39 · Skirmisher ×24 · Archer ×12 · Trade Cart ×6 · Trebuchet (Packed) ×3
Feudal
12:05
Castillos
16:37
Imperial
33:25
| APM promedio | 20.7 |
| APM pico | 45 |
| eAPM promedio | 14.9 |
| Aldeanos / militares | 142 / 185 |
Foco
⚔️ 21.1% · 🌾 78.9%
Scout Cavalry ×114 · Janissary ×31 · Camel Scout ×25 · Bombard Cannon ×11 · Trade Cart ×3 · Hand Cannoneer ×3
Feudal
—
Castillos
—
Imperial
—
| APM promedio | 19.8 |
| APM pico | 64 |
| eAPM promedio | 14.5 |
| Aldeanos / militares | 94 / 242 |
Foco
⚔️ 50.0% · 🌾 50.0%
Scout Cavalry ×87 · Archer ×78 · Skirmisher ×77 · Unknown (1942) ×8 · Unknown (1944) ×1 · Unknown (1949) ×1
Feudal
11:14
Castillos
19:26
Imperial
36:08
| APM promedio | 25.8 |
| APM pico | 87 |
| eAPM promedio | 19.5 |
| Aldeanos / militares | 149 / 291 |
Foco
⚔️ 54.9% · 🌾 45.1%
Tarkan ×172 · Knight ×62 · Scout Cavalry ×54 · Monk ×3
Feudal
—
Castillos
—
Imperial
—
| APM promedio | 19.1 |
| APM pico | 41 |
| eAPM promedio | 13.7 |
| Aldeanos / militares | 167 / 125 |
Foco
⚔️ 30.7% · 🌾 69.3%
Chakram Thrower ×73 · Camel Scout ×49 · Trebuchet (Packed) ×3
Feudal
11:09
Castillos
18:03
Imperial
33:50
| APM promedio | 19.5 |
| APM pico | 58 |
| eAPM promedio | 12.9 |
| Aldeanos / militares | 141 / 127 |
Foco
⚔️ 34.9% · 🌾 65.1%
Archer ×98 · Scorpion ×19 · Shotel Warrior ×6 · Bombard Cannon ×4
Feudal
—
Castillos
—
Imperial
—
| APM promedio | 13.7 |
| APM pico | 45 |
| eAPM promedio | 9.3 |
| Aldeanos / militares | 102 / 93 |
Foco
⚔️ 29.1% · 🌾 70.9%
Scorpion ×61 · Centurion ×29 · Trebuchet (Packed) ×3
Feudal
10:47
Castillos
16:17
Imperial
30:30
| APM promedio | 17.9 |
| APM pico | 54 |
| eAPM promedio | 14.8 |
| Aldeanos / militares | 132 / 207 |
Foco
⚔️ 45.1% · 🌾 54.9%
Magyar Huszar ×114 · Cavalry Archer ×81 · Trebuchet (Packed) ×5 · Archer ×3 · Monk ×2 · Spearman ×2
Mapa de la partida
Recursos iniciales + cada clic de construcción. Líneas = muros · curvas = relieve. ◆ oro · ⬟ piedra · ● bayas · ✦ reliquia · ◌ hueco del cierre
Tu base· ✓ Cerrada en 20:21 · 0t muro · 3 puerta(s)
Base de alakerman· ✓ Cerrada en 16:37 · 0t muro · 2 puerta(s)
Base de PITUFO1998· ✓ Cerrada en 15:40 · 0t muro · 2 puerta(s)
Base de agiardpro· ✓ Cerrada en 19:26 · 0t muro · 3 puerta(s)
Base de ULIVS96· ✓ Cerrada en 12:44 · 0t muro · 2 puerta(s)
Base de give me bomb· ✓ Cerrada en 18:03 · 0t muro · 2 puerta(s)
Base de HoCkOnEr· ✓ Cerrada en 15:31 · 0t muro · 3 puerta(s)
Base de 李諭· ✓ Cerrada en 16:17 · 0t muro · 3 puerta(s)
Terreno inicial suavizado · ◌ = hueco del cierre detectado · pasá el cursor para detalles
Inputs por minuto
— sujing810 - - alakerman
Build order — sujing810
Primeras 150 de 470 acciones detectadas
| 0:02 | Investigar | Loom |
| 0:03 | Crear | Villager (Male) |
| 0:03 | Crear | Villager (Male) |
| 0:03 | Crear | Villager (Male) |
| 0:03 | Crear | Villager (Male) |
| 0:04 | Crear | Villager (Male) |
| 0:10 | Construir | House |
| 0:11 | Construir | House |
| 1:46 | Crear | Villager (Male) |
| 1:47 | Crear | Villager (Male) |
| 2:22 | Construir | Mill |
| 2:25 | Crear | Villager (Male) |
| 2:25 | Crear | Villager (Male) |
| 3:08 | Crear | Villager (Male) |
| 3:08 | Crear | Villager (Male) |
| 3:08 | Crear | Villager (Male) |
| 3:43 | Crear | Villager (Male) |
| 3:43 | Crear | Villager (Male) |
| 4:27 | Crear | Villager (Male) |
| 4:27 | Crear | Villager (Male) |
| 4:27 | Crear | Villager (Male) |
| 4:45 | Crear | Villager (Male) |
| 4:45 | Crear | Villager (Male) |
| 4:46 | Crear | Villager (Male) |
| 4:46 | Crear | Villager (Male) |
| 4:57 | Construir | House |
| 5:00 | Construir | House |
| 5:15 | Crear | Villager (Male) |
| 5:15 | Crear | Villager (Male) |
| 5:29 | Crear | Villager (Male) |
| 5:29 | Crear | Villager (Male) |
| 5:30 | Crear | Villager (Male) |
| 5:30 | Crear | Villager (Male) |
| 6:28 | Crear | Villager (Male) |
| 6:28 | Crear | Villager (Male) |
| 6:28 | Crear | Villager (Male) |
| 6:29 | Crear | Villager (Male) |
| 6:54 | Construir | Lumber Camp |
| 6:57 | Crear | Villager (Male) |
| 6:57 | Crear | Villager (Male) |
| 8:09 | Crear | Villager (Male) |
| 8:24 | Construir | Mining Camp |
| 8:53 | Construir | Mining Camp |
| 9:03 | Construir | House |
| 9:04 | Construir | House |
| 9:15 | Crear | Villager (Male) |
| 9:23 | Construir | House |
| 9:24 | Construir | House |
| 9:39 | Crear | Villager (Male) |
| 9:45 | Crear | Villager (Male) |
| 10:13 | Crear | Villager (Male) |
| 11:02 | Crear | Villager (Male) |
| 11:03 | Crear | Villager (Male) |
| 11:03 | Investigar | Feudal Age |
| 12:41 | Construir | Mill |
| 12:50 | Construir | Farm |
| 12:51 | Construir | Farm |
| 12:53 | Construir | Farm |
| 12:54 | Construir | Farm |
| 12:55 | Construir | Farm |
| 12:57 | Construir | Farm |
| 14:21 | Edad | Edad Feudal |
| 14:23 | Investigar | Wheelbarrow |
| 14:25 | Investigar | Double-Bit Axe |
| 14:34 | Construir | Market |
| 14:41 | Construir | Blacksmith |
| 15:09 | Investigar | Horse Collar |
| 15:29 | Investigar | Gold Mining |
| 15:30 | Investigar | Stone Mining |
| 15:46 | Crear | Villager (Male) |
| 15:46 | Crear | Villager (Male) |
| 16:10 | Construir | Farm |
| 16:11 | Construir | Farm |
| 16:13 | Construir | Farm |
| 16:14 | Construir | Farm |
| 16:16 | Construir | Farm |
| 16:16 | Construir | Farm |
| 16:16 | Construir | Farm |
| 16:17 | Construir | Farm |
| 16:27 | Crear | Villager (Male) |
| 16:33 | Construir | Farm |
| 16:50 | Construir | Farm |
| 16:56 | Construir | Farm |
| 17:15 | Construir | Farm |
| 17:16 | Crear | Villager (Male) |
| 17:34 | Investigar | Castle Age |
| 17:34 | Investigar | Castle Age |
| 17:43 | Construir | Farm |
| 17:50 | Construir | Lumber Camp |
| 19:26 | Construir | Barracks |
| 20:21 | Edad | Edad de los Castillos |
| 20:22 | Investigar | Hand Cart |
| 20:22 | Investigar | Hand Cart |
| 20:26 | Investigar | Bow Saw |
| 20:26 | Investigar | Bow Saw |
| 20:29 | Investigar | Heavy Plow |
| 20:32 | Investigar | Gold Shaft Mining |
| 20:34 | Investigar | Stone Shaft Mining |
| 20:34 | Investigar | Stone Shaft Mining |
| 20:42 | Construir | Barracks |
| 21:19 | Construir | Town Center |
| 21:37 | Crear | Villager (Male) |
| 21:38 | Crear | Villager (Male) |
| 21:52 | Construir | House |
| 22:02 | Crear | Villager (Male) |
| 22:13 | Construir | Town Center |
| 22:26 | Construir | Town Center |
| 22:40 | Construir | Farm |
| 22:50 | Crear | Villager (Male) |
| 22:51 | Crear | Villager (Male) |
| 22:52 | Crear | Villager (Male) |
| 22:52 | Crear | Villager (Male) |
| 23:09 | Construir | Castle |
| 23:15 | Crear | Villager (Male) |
| 23:15 | Crear | Villager (Male) |
| 23:17 | Crear | Villager (Male) |
| 23:17 | Crear | Villager (Male) |
| 23:18 | Crear | Villager (Male) |
| 23:19 | Crear | Villager (Male) |
| 23:40 | Construir | House |
| 23:41 | Construir | House |
| 23:42 | Construir | House |
| 23:45 | Construir | House |
| 23:46 | Construir | House |
| 24:00 | Construir | Farm |
| 24:07 | Construir | Farm |
| 24:10 | Crear | Villager (Male) |
| 24:11 | Crear | Villager (Male) |
| 24:11 | Crear | Villager (Male) |
| 24:11 | Crear | Villager (Male) |
| 24:11 | Crear | Villager (Male) |
| 24:12 | Crear | Villager (Male) |
| 24:12 | Crear | Villager (Male) |
| 24:12 | Crear | Villager (Male) |
| 24:12 | Crear | Villager (Male) |
| 24:45 | Construir | Stone Wall |
| 24:53 | Construir | Gate |
| 24:58 | Construir | Mining Camp |
| 25:06 | Construir | Farm |
| 25:06 | Construir | Farm |
| 25:09 | Construir | Farm |
| 25:13 | Construir | Farm |
| 25:17 | Construir | Farm |
| 25:20 | Crear | Villager (Male) |
| 25:20 | Crear | Villager (Male) |
| 25:20 | Crear | Villager (Male) |
| 25:20 | Crear | Villager (Male) |
| 25:21 | Crear | Villager (Male) |
| 25:21 | Crear | Villager (Male) |
| 25:21 | Crear | Villager (Male) |
Build order — alakerman
Primeras 150 de 371 acciones detectadas
| 0:02 | Crear | Villager (Male) ×4 |
| 0:02 | Crear | Villager (Male) ×4 |
| 0:04 | Construir | House |
| 0:06 | Construir | House |
| 1:40 | Crear | Villager (Male) |
| 2:04 | Crear | Villager (Male) |
| 2:30 | Crear | Villager (Male) |
| 2:30 | Crear | Villager (Male) |
| 2:51 | Construir | Lumber Camp |
| 3:19 | Crear | Villager (Male) |
| 3:20 | Crear | Villager (Male) |
| 3:20 | Crear | Villager (Male) |
| 3:26 | Crear | Villager (Male) |
| 3:50 | Construir | House |
| 3:51 | Construir | House |
| 3:54 | Crear | Villager (Male) |
| 3:55 | Crear | Villager (Male) |
| 4:22 | Crear | Villager (Male) |
| 4:57 | Crear | Villager (Male) |
| 4:57 | Crear | Villager (Male) |
| 4:58 | Crear | Villager (Male) |
| 5:28 | Construir | Mill |
| 5:47 | Crear | Villager (Male) |
| 5:47 | Crear | Villager (Male) |
| 5:47 | Crear | Villager (Male) |
| 6:03 | Crear | Villager (Male) |
| 6:34 | Crear | Villager (Male) |
| 7:07 | Crear | Villager (Male) |
| 8:01 | Construir | Barracks |
| 8:26 | Construir | Mill |
| 8:52 | Crear | Villager (Male) |
| 8:52 | Crear | Villager (Male) |
| 9:29 | Construir | House |
| 9:55 | Investigar | Feudal Age |
| 10:10 | Construir | Mining Camp |
| 12:05 | Edad | Edad Feudal |
| 12:07 | Investigar | Wheelbarrow |
| 12:07 | Investigar | Wheelbarrow |
| 12:16 | Construir | Market |
| 12:37 | Construir | Blacksmith |
| 13:57 | Investigar | Castle Age |
| 14:36 | Investigar | Double-Bit Axe |
| 16:37 | Edad | Edad de los Castillos |
| 16:41 | Construir | Town Center |
| 16:47 | Crear | Villager (Male) |
| 16:49 | Crear | Villager (Male) |
| 16:58 | Crear | Spearman |
| 17:26 | Construir | Town Center |
| 17:32 | Crear | Villager (Male) |
| 18:09 | Construir | Castle |
| 18:20 | Construir | Farm |
| 18:22 | Construir | Farm |
| 18:25 | Construir | Farm |
| 18:27 | Construir | Farm |
| 19:05 | Construir | House |
| 19:33 | Construir | Farm |
| 19:38 | Construir | Farm |
| 19:42 | Construir | Farm |
| 19:46 | Construir | Farm |
| 19:48 | Construir | Farm |
| 19:51 | Crear | Villager (Male) |
| 19:56 | Construir | House |
| 20:20 | Construir | Farm |
| 20:23 | Construir | Farm |
| 20:24 | Crear | Villager (Male) |
| 20:40 | Construir | House |
| 20:50 | Crear | Villager (Male) |
| 20:50 | Crear | Villager (Male) |
| 21:07 | Construir | Town Center |
| 21:12 | Crear | Villager (Male) |
| 21:13 | Crear | Villager (Male) |
| 21:17 | Crear | Villager (Male) |
| 21:39 | Investigar | Horse Collar |
| 21:58 | Construir | House |
| 22:00 | Construir | House |
| 22:14 | Investigar | Heavy Plow |
| 22:23 | Construir | Farm |
| 22:23 | Crear | Villager (Male) |
| 22:30 | Crear | Villager (Male) |
| 22:49 | Crear | Villager (Male) |
| 22:49 | Crear | Villager (Male) |
| 23:00 | Crear | Villager (Male) |
| 23:01 | Crear | Villager (Male) |
| 23:06 | Construir | Farm |
| 23:13 | Construir | Farm |
| 23:14 | Construir | Farm |
| 23:18 | Crear | Villager (Male) |
| 23:23 | Construir | Farm |
| 23:26 | Construir | Farm |
| 23:27 | Crear | Villager (Male) |
| 23:37 | Construir | House |
| 23:41 | Crear | Villager (Male) |
| 23:45 | Crear | Villager (Male) |
| 23:51 | Crear | Villager (Male) |
| 24:05 | Construir | Siege Workshop |
| 24:10 | Crear | Villager (Male) |
| 24:16 | Crear | Villager (Male) |
| 24:20 | Crear | Villager (Male) |
| 24:27 | Crear | Villager (Male) |
| 24:28 | Crear | Villager (Male) |
| 24:38 | Construir | House |
| 24:40 | Construir | House |
| 24:42 | Construir | House |
| 24:45 | Crear | Villager (Male) |
| 25:11 | Construir | Siege Workshop |
| 25:15 | Crear | Villager (Male) |
| 25:15 | Crear | Villager (Male) |
| 25:15 | Crear | Villager (Male) |
| 25:15 | Crear | Villager (Male) |
| 25:16 | Crear | Villager (Male) |
| 25:16 | Crear | Villager (Male) |
| 25:25 | Crear | Villager (Male) |
| 25:33 | Crear | Villager (Male) |
| 25:40 | Construir | Farm |
| 25:42 | Construir | Farm |
| 25:46 | Crear | Villager (Male) |
| 25:48 | Crear | Villager (Male) |
| 25:54 | Construir | Stable |
| 25:59 | Crear | Villager (Male) |
| 25:59 | Crear | Villager (Male) |
| 26:12 | Construir | Farm |
| 26:13 | Construir | Farm |
| 26:16 | Construir | Farm |
| 26:21 | Construir | Farm |
| 26:22 | Construir | Farm |
| 26:28 | Construir | Farm |
| 26:31 | Crear | Villager (Male) ×4 |
| 26:37 | Construir | House |
| 26:39 | Crear | Janissary |
| 26:39 | Crear | Janissary |
| 26:43 | Construir | Farm |
| 27:04 | Crear | Villager (Male) |
| 27:04 | Crear | Villager (Male) |
| 27:05 | Crear | Villager (Male) |
| 27:05 | Crear | Villager (Male) |
| 27:18 | Construir | Farm |
| 27:20 | Construir | Farm |
| 27:21 | Construir | Farm |
| 27:25 | Crear | Villager (Male) |
| 27:26 | Crear | Villager (Male) |
| 27:31 | Construir | Farm |
| 27:32 | Construir | Farm |
| 27:35 | Construir | Farm |
| 27:37 | Construir | Farm |
| 27:41 | Construir | Mill |
| 27:43 | Crear | Villager (Male) |
| 27:45 | Crear | Villager (Male) |
| 27:47 | Crear | Villager (Male) |
| 27:49 | Construir | Farm |
| 27:50 | Construir | Farm |
Build order — PITUFO1998
Primeras 150 de 509 acciones detectadas
| 0:01 | Crear | Villager (Male) |
| 0:02 | Crear | Villager (Male) |
| 0:02 | Crear | Villager (Male) |
| 0:02 | Crear | Villager (Male) |
| 0:05 | Construir | House |
| 0:07 | Construir | House |
| 1:26 | Crear | Villager (Male) |
| 1:54 | Crear | Villager (Male) |
| 2:05 | Construir | Lumber Camp |
| 2:35 | Crear | Villager (Male) |
| 2:38 | Crear | Villager (Male) |
| 3:02 | Crear | Villager (Male) |
| 3:34 | Crear | Villager (Male) |
| 3:40 | Construir | House |
| 4:09 | Construir | Mill |
| 4:31 | Crear | Villager (Male) |
| 4:32 | Crear | Villager (Male) |
| 4:50 | Crear | Villager (Male) |
| 5:03 | Crear | Villager (Male) |
| 5:37 | Crear | Villager (Male) |
| 6:01 | Crear | Villager (Male) |
| 6:01 | Crear | Villager (Male) |
| 6:02 | Crear | Villager (Male) |
| 6:13 | Crear | Villager (Male) |
| 6:13 | Crear | Villager (Male) |
| 6:58 | Construir | House |
| 7:04 | Construir | Lumber Camp |
| 7:15 | Crear | Villager (Male) |
| 7:16 | Crear | Villager (Male) |
| 7:16 | Crear | Villager (Male) |
| 7:16 | Crear | Villager (Male) |
| 7:26 | Construir | Mill |
| 7:32 | Crear | Villager (Male) |
| 8:21 | Construir | Mining Camp |
| 8:33 | Crear | Villager (Male) |
| 8:42 | Construir | House |
| 8:49 | Crear | Villager (Male) |
| 8:49 | Crear | Villager (Male) |
| 8:49 | Crear | Villager (Male) |
| 8:50 | Crear | Villager (Male) |
| 10:24 | Construir | Mining Camp |
| 10:47 | Construir | House |
| 11:04 | Investigar | Feudal Age |
| 12:36 | Construir | Barracks |
| 13:17 | Construir | Farm |
| 13:19 | Construir | Farm |
| 13:22 | Construir | Farm |
| 13:25 | Crear | Villager (Male) |
| 13:25 | Crear | Villager (Male) |
| 13:25 | Crear | Villager (Male) |
| 13:26 | Crear | Villager (Male) |
| 14:17 | Construir | Stable |
| 14:24 | Construir | Market |
| 14:30 | Investigar | Double-Bit Axe |
| 14:47 | Construir | Farm |
| 14:52 | Construir | Farm |
| 14:56 | Construir | Farm |
| 15:16 | Construir | Farm |
| 15:17 | Construir | Farm |
| 15:40 | Investigar | Castle Age |
| 15:46 | Construir | Farm |
| 15:51 | Construir | House |
| 15:58 | Construir | House |
| 16:00 | Construir | House |
| 16:06 | Construir | House |
| 16:20 | Investigar | Horse Collar |
| 17:32 | Investigar | Loom |
| 17:33 | Investigar | Town Watch |
| 17:35 | Investigar | Wheelbarrow |
| 18:26 | Construir | Town Center |
| 18:33 | Construir | Town Center |
| 18:50 | Construir | Castle |
| 19:01 | Construir | Archery Range |
| 19:13 | Crear | Villager (Male) |
| 19:13 | Crear | Villager (Male) |
| 19:13 | Crear | Villager (Male) |
| 19:14 | Crear | Villager (Male) |
| 19:15 | Crear | Villager (Male) |
| 19:23 | Investigar | Bloodlines |
| 19:55 | Crear | Unit 1944 |
| 20:06 | Crear | Villager (Male) |
| 20:15 | Crear | Villager (Male) |
| 21:06 | Crear | Villager (Male) |
| 21:07 | Crear | Villager (Male) |
| 21:07 | Crear | Villager (Male) |
| 21:22 | Crear | Unit 1949 |
| 21:35 | Crear | Villager (Male) |
| 21:41 | Construir | Farm |
| 21:43 | Construir | Farm |
| 21:46 | Construir | Farm |
| 21:49 | Construir | Farm |
| 21:50 | Construir | Farm |
| 21:53 | Construir | Farm |
| 22:00 | Construir | Farm |
| 22:01 | Construir | Farm |
| 22:03 | Construir | Farm |
| 22:07 | Crear | Villager (Male) |
| 22:08 | Crear | Villager (Male) |
| 22:19 | Crear | Villager (Male) |
| 22:19 | Crear | Villager (Male) |
| 22:27 | Construir | Lumber Camp |
| 22:36 | Construir | House |
| 22:38 | Construir | House |
| 22:40 | Construir | House |
| 22:41 | Construir | House |
| 22:45 | Construir | House |
| 22:52 | Construir | Farm |
| 22:52 | Construir | Farm |
| 22:52 | Construir | Farm |
| 22:53 | Construir | Farm |
| 22:53 | Construir | Farm |
| 23:02 | Investigar | Heavy Plow |
| 23:06 | Crear | Villager (Male) |
| 23:09 | Crear | Villager (Male) |
| 23:17 | Crear | Villager (Male) |
| 23:31 | Construir | Lumber Camp |
| 23:42 | Crear | Villager (Male) |
| 23:45 | Crear | Villager (Male) |
| 23:48 | Crear | Villager (Male) |
| 23:56 | Construir | Mill |
| 23:57 | Crear | Villager (Male) |
| 23:59 | Crear | Villager (Male) |
| 24:04 | Crear | Villager (Male) |
| 24:11 | Crear | Villager (Male) |
| 24:17 | Crear | Villager (Male) |
| 24:27 | Crear | Villager (Male) |
| 24:31 | Crear | Villager (Male) |
| 24:35 | Construir | Farm |
| 24:35 | Construir | Farm |
| 24:35 | Construir | Farm |
| 24:36 | Construir | Farm |
| 24:36 | Construir | Farm |
| 24:36 | Construir | Farm |
| 24:36 | Construir | Farm |
| 24:37 | Construir | Farm |
| 24:37 | Construir | Farm |
| 24:57 | Construir | Farm |
| 24:57 | Construir | Farm |
| 24:57 | Construir | Farm |
| 24:57 | Construir | Farm |
| 24:58 | Construir | Farm |
| 24:58 | Construir | Farm |
| 24:58 | Construir | Farm |
| 25:06 | Crear | Villager (Male) |
| 25:06 | Crear | Villager (Male) |
| 25:09 | Crear | Villager (Male) |
| 25:10 | Crear | Villager (Male) |
| 25:11 | Crear | Villager (Male) |
| 25:13 | Crear | Villager (Male) |
| 25:15 | Crear | Villager (Male) |
Build order — agiardpro
Primeras 150 de 578 acciones detectadas
| 0:06 | Crear | Villager (Male) |
| 0:06 | Crear | Villager (Male) |
| 0:07 | Crear | Villager (Male) |
| 0:07 | Crear | Villager (Male) |
| 0:07 | Crear | Villager (Male) |
| 0:07 | Crear | Villager (Male) |
| 1:10 | Crear | Villager (Male) |
| 1:10 | Crear | Villager (Male) |
| 2:12 | Crear | Villager (Male) |
| 2:12 | Crear | Villager (Male) |
| 2:16 | Construir | Lumber Camp |
| 2:20 | Crear | Villager (Male) |
| 2:21 | Crear | Villager (Male) |
| 2:47 | Crear | Villager (Male) |
| 2:48 | Crear | Villager (Male) |
| 2:48 | Crear | Villager (Male) |
| 2:48 | Crear | Villager (Male) |
| 3:31 | Crear | Villager (Male) |
| 3:31 | Crear | Villager (Male) |
| 3:31 | Crear | Villager (Male) |
| 3:31 | Crear | Villager (Male) |
| 4:22 | Crear | Villager (Male) |
| 4:42 | Construir | Mining Camp |
| 4:52 | Crear | Villager (Male) |
| 4:52 | Crear | Villager (Male) |
| 4:52 | Crear | Villager (Male) |
| 5:31 | Crear | Villager (Male) |
| 5:31 | Crear | Villager (Male) |
| 5:32 | Crear | Villager (Male) |
| 5:43 | Construir | Mining Camp |
| 5:51 | Crear | Villager (Male) |
| 5:51 | Crear | Villager (Male) |
| 6:12 | Crear | Villager (Male) |
| 6:13 | Crear | Villager (Male) |
| 6:13 | Crear | Villager (Male) |
| 6:24 | Construir | Mill |
| 6:29 | Crear | Villager (Male) |
| 6:29 | Crear | Villager (Male) |
| 7:03 | Crear | Villager (Male) |
| 9:04 | Investigar | Feudal Age |
| 9:49 | Construir | Mill |
| 9:59 | Construir | Mill |
| 10:40 | Construir | Mill |
| 10:48 | Crear | Villager (Male) |
| 10:48 | Crear | Villager (Male) |
| 11:14 | Edad | Edad Feudal |
| 11:16 | Investigar | Horse Collar |
| 11:18 | Investigar | Double-Bit Axe |
| 11:27 | Construir | Blacksmith |
| 11:31 | Construir | Market |
| 11:41 | Construir | Barracks |
| 11:44 | Crear | Villager (Male) |
| 11:45 | Crear | Villager (Male) |
| 12:08 | Crear | Villager (Male) |
| 12:39 | Crear | Villager (Male) |
| 12:39 | Crear | Villager (Male) |
| 12:43 | Construir | Farm |
| 12:48 | Construir | Farm |
| 12:51 | Construir | Farm |
| 12:55 | Construir | Farm |
| 12:56 | Construir | Farm |
| 13:17 | Crear | Villager (Male) |
| 13:22 | Construir | Farm |
| 13:22 | Construir | Farm |
| 13:30 | Construir | Farm |
| 14:11 | Construir | Farm |
| 14:11 | Construir | Farm |
| 14:12 | Construir | Farm |
| 14:23 | Investigar | Loom |
| 14:39 | Construir | Stable |
| 14:49 | Crear | Villager (Male) |
| 15:01 | Construir | Farm |
| 15:01 | Construir | Farm |
| 15:07 | Crear | Villager (Male) |
| 15:50 | Crear | Villager (Male) |
| 16:17 | Crear | Villager (Male) |
| 16:46 | Investigar | Castle Age |
| 18:04 | Crear | Villager (Male) |
| 18:14 | Crear | Villager (Male) |
| 18:54 | Investigar | Gold Mining |
| 19:26 | Edad | Edad de los Castillos |
| 19:29 | Investigar | Bow Saw |
| 19:30 | Investigar | Heavy Plow |
| 19:34 | Construir | Town Center |
| 19:46 | Construir | Town Center |
| 19:53 | Crear | Villager (Male) |
| 20:02 | Investigar | Bloodlines |
| 20:20 | Crear | Villager (Male) |
| 20:37 | Crear | Villager (Male) |
| 20:38 | Crear | Villager (Male) |
| 20:44 | Crear | Villager (Male) |
| 20:44 | Crear | Villager (Male) |
| 20:44 | Crear | Villager (Male) |
| 20:49 | Crear | Villager (Male) |
| 20:50 | Crear | Villager (Male) |
| 20:50 | Crear | Villager (Male) |
| 20:51 | Crear | Villager (Male) |
| 21:09 | Crear | Villager (Male) |
| 21:10 | Crear | Villager (Male) |
| 21:21 | Construir | Farm |
| 21:21 | Construir | Farm |
| 21:21 | Construir | Farm |
| 21:22 | Construir | Farm |
| 21:24 | Crear | Villager (Male) |
| 21:33 | Crear | Villager (Male) |
| 21:39 | Construir | Farm |
| 21:41 | Crear | Villager (Male) |
| 21:41 | Crear | Villager (Male) |
| 21:54 | Investigar | Stone Mining |
| 22:08 | Construir | Stable |
| 22:13 | Crear | Villager (Male) |
| 22:13 | Crear | Villager (Male) |
| 22:27 | Crear | Villager (Male) |
| 22:27 | Crear | Villager (Male) |
| 22:28 | Crear | Villager (Male) |
| 22:48 | Construir | Stable |
| 22:52 | Crear | Villager (Male) |
| 22:52 | Crear | Villager (Male) |
| 22:58 | Construir | Farm |
| 22:58 | Construir | Farm |
| 22:58 | Construir | Farm |
| 22:59 | Construir | Farm |
| 22:59 | Construir | Farm |
| 23:01 | Construir | Farm |
| 23:02 | Construir | Farm |
| 23:03 | Crear | Villager (Male) |
| 23:04 | Crear | Villager (Male) |
| 23:24 | Crear | Villager (Male) |
| 23:24 | Crear | Villager (Male) |
| 23:36 | Crear | Villager (Male) |
| 23:36 | Crear | Villager (Male) |
| 23:43 | Crear | Villager (Male) |
| 23:43 | Crear | Villager (Male) |
| 23:59 | Construir | Farm |
| 23:59 | Construir | Farm |
| 23:59 | Construir | Farm |
| 24:01 | Crear | Villager (Male) |
| 24:01 | Crear | Villager (Male) |
| 24:23 | Construir | Castle |
| 24:28 | Construir | Mining Camp |
| 24:29 | Crear | Villager (Male) |
| 24:30 | Crear | Villager (Male) |
| 24:34 | Crear | Villager (Male) |
| 24:35 | Crear | Villager (Male) |
| 24:47 | Construir | Stable |
| 24:52 | Crear | Villager (Male) |
| 24:52 | Crear | Villager (Male) |
| 24:57 | Construir | Farm |
| 24:57 | Construir | Farm |
| 24:58 | Construir | Farm |
Build order — ULIVS96
Primeras 150 de 356 acciones detectadas
| 0:03 | Construir | House |
| 0:05 | Construir | House |
| 0:07 | Construir | House |
| 0:08 | Crear | Villager (Male) |
| 0:08 | Crear | Villager (Male) |
| 0:08 | Crear | Villager (Male) |
| 0:08 | Crear | Villager (Male) |
| 1:44 | Crear | Villager (Male) |
| 1:44 | Crear | Villager (Male) |
| 2:41 | Crear | Villager (Male) |
| 2:58 | Crear | Villager (Male) |
| 3:49 | Crear | Villager (Male) |
| 3:53 | Crear | Villager (Male) |
| 3:53 | Crear | Villager (Male) |
| 3:54 | Crear | Villager (Male) |
| 5:10 | Crear | Villager (Male) ×4 |
| 5:10 | Crear | Villager (Male) |
| 5:32 | Construir | Mill |
| 6:07 | Crear | Villager (Male) |
| 6:08 | Crear | Villager (Male) |
| 6:08 | Crear | Villager (Male) |
| 6:45 | Investigar | Loom |
| 6:46 | Crear | Villager (Male) |
| 6:46 | Crear | Villager (Male) |
| 6:49 | Construir | House |
| 7:48 | Construir | Lumber Camp |
| 8:28 | Investigar | Loom |
| 8:30 | Investigar | Feudal Age |
| 8:42 | Construir | House |
| 8:43 | Construir | House |
| 9:28 | Construir | Mill |
| 10:03 | Construir | Mining Camp |
| 10:49 | Crear | Villager (Male) |
| 10:49 | Crear | Villager (Male) |
| 11:15 | Construir | Market |
| 11:39 | Construir | Blacksmith |
| 11:42 | Crear | Villager (Male) |
| 11:42 | Crear | Villager (Male) |
| 12:00 | Construir | Farm |
| 12:00 | Construir | Farm |
| 12:01 | Construir | Farm |
| 12:02 | Construir | Farm |
| 12:02 | Construir | Farm |
| 12:02 | Construir | Farm |
| 12:03 | Construir | Farm |
| 12:03 | Construir | Farm |
| 12:04 | Construir | Farm |
| 12:04 | Construir | Farm |
| 12:04 | Construir | Farm |
| 12:44 | Investigar | Castle Age |
| 13:13 | Investigar | Double-Bit Axe |
| 13:40 | Construir | Farm |
| 13:40 | Construir | Farm |
| 13:40 | Construir | Farm |
| 15:15 | Investigar | Loom |
| 15:17 | Crear | Villager (Male) |
| 15:17 | Crear | Villager (Male) |
| 15:27 | Construir | Town Center |
| 16:15 | Crear | Villager (Male) |
| 16:15 | Crear | Villager (Male) |
| 16:15 | Crear | Villager (Male) |
| 16:21 | Construir | Town Center |
| 16:50 | Investigar | Wheelbarrow |
| 17:04 | Construir | Farm |
| 17:04 | Construir | Farm |
| 17:05 | Construir | Farm |
| 17:12 | Investigar | Loom |
| 17:13 | Crear | Villager (Male) |
| 17:13 | Crear | Villager (Male) |
| 17:32 | Construir | Mining Camp |
| 17:38 | Crear | Villager (Male) ×4 |
| 17:38 | Crear | Villager (Male) |
| 18:13 | Crear | Villager (Male) |
| 18:51 | Construir | House |
| 18:53 | Construir | House |
| 18:54 | Construir | House |
| 18:55 | Construir | House |
| 18:56 | Construir | House |
| 18:59 | Crear | Villager (Male) ×3 |
| 19:00 | Crear | Villager (Male) |
| 19:23 | Construir | Lumber Camp |
| 19:29 | Crear | Villager (Male) ×2 |
| 19:29 | Crear | Villager (Male) |
| 19:56 | Construir | Farm |
| 19:58 | Crear | Villager (Male) ×3 |
| 19:58 | Crear | Villager (Male) |
| 20:23 | Construir | Town Center |
| 20:28 | Crear | Villager (Male) ×2 |
| 20:48 | Investigar | Loom |
| 20:48 | Investigar | Loom |
| 20:50 | Crear | Villager (Male) |
| 21:03 | Construir | House |
| 21:04 | Construir | House |
| 21:05 | Construir | House |
| 21:07 | Construir | House |
| 21:09 | Crear | Villager (Male) |
| 21:09 | Crear | Villager (Male) |
| 21:20 | Construir | Lumber Camp |
| 21:26 | Crear | Villager (Male) |
| 21:26 | Crear | Villager (Male) |
| 21:49 | Construir | Farm |
| 21:57 | Crear | Villager (Male) ×2 |
| 21:57 | Crear | Villager (Male) |
| 22:02 | Construir | Barracks |
| 22:21 | Crear | Villager (Male) ×2 |
| 22:21 | Crear | Villager (Male) |
| 22:36 | Crear | Villager (Male) ×6 |
| 22:36 | Crear | Villager (Male) |
| 22:56 | Crear | Villager (Male) |
| 22:57 | Investigar | Loom |
| 23:24 | Construir | Stable |
| 23:29 | Construir | Stable |
| 23:32 | Crear | Villager (Male) |
| 23:55 | Construir | Farm |
| 23:55 | Construir | Farm |
| 23:55 | Construir | Farm |
| 23:56 | Construir | Farm |
| 23:56 | Construir | Farm |
| 23:56 | Construir | Farm |
| 23:57 | Construir | Farm |
| 23:57 | Construir | Farm |
| 23:57 | Construir | Farm |
| 23:57 | Construir | Farm |
| 23:58 | Construir | Farm |
| 23:59 | Construir | Farm |
| 24:00 | Construir | Farm |
| 24:00 | Construir | Farm |
| 24:00 | Construir | Farm |
| 24:01 | Construir | Farm |
| 24:06 | Construir | Farm |
| 24:08 | Crear | Villager (Male) ×6 |
| 24:08 | Crear | Villager (Male) |
| 24:28 | Construir | Castle |
| 24:31 | Construir | Mining Camp |
| 24:55 | Crear | Villager (Male) ×5 |
| 24:56 | Crear | Villager (Male) |
| 25:04 | Construir | Mill |
| 25:26 | Crear | Villager (Male) ×6 |
| 25:41 | Investigar | Horse Collar |
| 25:52 | Investigar | Bow Saw |
| 25:56 | Construir | Farm |
| 25:56 | Construir | Farm |
| 25:57 | Construir | Farm |
| 25:57 | Construir | Farm |
| 25:57 | Construir | Farm |
| 25:58 | Construir | Farm |
| 25:58 | Construir | Farm |
| 26:13 | Crear | Chakram Thrower |
| 26:13 | Crear | Chakram Thrower |
| 26:13 | Crear | Chakram Thrower |
Build order — give me bomb
Primeras 150 de 415 acciones detectadas
| 0:02 | Crear | Villager (Male) |
| 0:02 | Crear | Villager (Male) |
| 0:02 | Crear | Villager (Male) |
| 0:02 | Crear | Villager (Male) |
| 0:03 | Crear | Villager (Male) |
| 0:04 | Construir | House |
| 0:06 | Construir | House |
| 1:34 | Crear | Villager (Male) |
| 1:34 | Crear | Villager (Male) |
| 2:12 | Crear | Villager (Male) |
| 2:12 | Crear | Villager (Male) |
| 2:41 | Crear | Villager (Male) |
| 2:41 | Crear | Villager (Male) |
| 2:41 | Crear | Villager (Male) |
| 3:05 | Construir | House |
| 3:07 | Construir | House |
| 3:10 | Crear | Villager (Male) |
| 3:10 | Crear | Villager (Male) |
| 3:14 | Construir | Lumber Camp |
| 3:41 | Crear | Villager (Male) |
| 3:42 | Crear | Villager (Male) |
| 3:54 | Crear | Villager (Male) |
| 3:54 | Crear | Villager (Male) |
| 4:07 | Crear | Villager (Male) |
| 4:08 | Crear | Villager (Male) |
| 4:41 | Crear | Villager (Male) |
| 4:41 | Crear | Villager (Male) |
| 5:00 | Construir | Mill |
| 5:03 | Crear | Villager (Male) |
| 5:03 | Crear | Villager (Male) |
| 5:40 | Crear | Villager (Male) |
| 5:40 | Crear | Villager (Male) |
| 5:41 | Crear | Villager (Male) |
| 6:20 | Crear | Villager (Male) |
| 6:20 | Crear | Villager (Male) |
| 6:20 | Crear | Villager (Male) |
| 6:33 | Construir | Mill |
| 6:47 | Crear | Villager (Male) |
| 6:48 | Crear | Villager (Male) |
| 7:31 | Construir | House |
| 7:32 | Construir | House |
| 7:35 | Construir | Barracks |
| 8:59 | Investigar | Feudal Age |
| 11:04 | Construir | Mining Camp |
| 11:09 | Edad | Edad Feudal |
| 11:13 | Crear | Villager (Male) |
| 11:13 | Crear | Villager (Male) |
| 11:13 | Crear | Villager (Male) |
| 11:14 | Crear | Villager (Male) |
| 11:15 | Crear | Villager (Male) |
| 11:15 | Crear | Villager (Male) |
| 11:20 | Investigar | Double-Bit Axe |
| 11:21 | Investigar | Horse Collar |
| 11:41 | Construir | Farm |
| 11:42 | Construir | Farm |
| 11:43 | Construir | Farm |
| 11:45 | Construir | Farm |
| 12:41 | Construir | Blacksmith |
| 12:45 | Construir | House |
| 13:22 | Investigar | Loom |
| 13:23 | Investigar | Wheelbarrow |
| 13:55 | Construir | Market |
| 14:47 | Construir | Archery Range |
| 14:54 | Construir | House |
| 14:57 | Construir | House |
| 15:01 | Investigar | Castle Age |
| 15:28 | Construir | Mining Camp |
| 17:50 | Crear | Villager (Male) |
| 17:50 | Crear | Villager (Male) |
| 17:51 | Crear | Villager (Male) |
| 17:51 | Crear | Villager (Male) |
| 17:52 | Crear | Villager (Male) |
| 17:53 | Crear | Villager (Male) |
| 18:03 | Edad | Edad de los Castillos |
| 18:05 | Construir | Town Center |
| 18:17 | Construir | Town Center |
| 18:22 | Construir | Farm |
| 18:24 | Construir | Farm |
| 18:25 | Construir | Farm |
| 19:55 | Crear | Villager (Male) |
| 19:55 | Crear | Villager (Male) |
| 19:55 | Crear | Villager (Male) |
| 19:55 | Crear | Villager (Male) |
| 19:56 | Crear | Villager (Male) |
| 20:11 | Crear | Villager (Male) |
| 20:11 | Crear | Villager (Male) |
| 20:12 | Crear | Villager (Male) |
| 20:12 | Crear | Villager (Male) |
| 21:07 | Crear | Villager (Male) |
| 21:07 | Crear | Villager (Male) |
| 21:07 | Crear | Villager (Male) |
| 21:08 | Crear | Villager (Male) |
| 21:12 | Investigar | Bow Saw |
| 21:14 | Investigar | Heavy Plow |
| 21:26 | Construir | Farm |
| 21:31 | Construir | Farm |
| 21:33 | Construir | Farm |
| 21:37 | Construir | Farm |
| 21:50 | Construir | Castle |
| 21:59 | Crear | Villager (Male) |
| 22:00 | Crear | Villager (Male) |
| 22:00 | Crear | Villager (Male) |
| 22:25 | Crear | Villager (Male) |
| 22:26 | Crear | Villager (Male) |
| 22:26 | Crear | Villager (Male) |
| 22:35 | Crear | Villager (Male) |
| 22:35 | Crear | Villager (Male) |
| 22:35 | Crear | Villager (Male) |
| 22:47 | Construir | Farm |
| 22:48 | Construir | Farm |
| 22:49 | Construir | Farm |
| 22:51 | Construir | Farm |
| 22:53 | Construir | Farm |
| 22:56 | Construir | Farm |
| 22:58 | Construir | Farm |
| 22:59 | Construir | Farm |
| 23:02 | Crear | Villager (Male) |
| 23:05 | Crear | Villager (Male) |
| 23:05 | Crear | Villager (Male) |
| 23:05 | Crear | Villager (Male) |
| 23:13 | Construir | Farm |
| 23:15 | Construir | Farm |
| 23:16 | Construir | Farm |
| 23:26 | Crear | Villager (Male) |
| 23:26 | Crear | Villager (Male) |
| 23:35 | Crear | Villager (Male) |
| 23:43 | Construir | House |
| 23:45 | Construir | House |
| 23:46 | Construir | House |
| 23:47 | Construir | House |
| 23:48 | Construir | House |
| 23:51 | Construir | House |
| 23:56 | Crear | Villager (Male) |
| 23:56 | Crear | Villager (Male) |
| 23:56 | Crear | Villager (Male) |
| 23:57 | Crear | Villager (Male) |
| 24:25 | Crear | Villager (Male) |
| 24:25 | Crear | Villager (Male) |
| 24:26 | Crear | Villager (Male) |
| 24:26 | Crear | Villager (Male) |
| 24:26 | Crear | Villager (Male) |
| 24:34 | Crear | Villager (Male) |
| 24:34 | Crear | Villager (Male) |
| 24:34 | Crear | Villager (Male) |
| 24:35 | Crear | Villager (Male) |
| 24:35 | Crear | Villager (Male) |
| 24:35 | Crear | Villager (Male) |
| 24:38 | Construir | Castle |
| 24:47 | Crear | Villager (Male) |
| 24:47 | Crear | Villager (Male) |
Build order — HoCkOnEr
Primeras 150 de 318 acciones detectadas
| 0:02 | Crear | Villager (Male) |
| 0:03 | Crear | Villager (Male) |
| 0:03 | Crear | Villager (Male) |
| 0:04 | Construir | House |
| 0:07 | Construir | House |
| 1:06 | Crear | Villager (Male) |
| 1:38 | Crear | Villager (Male) |
| 2:05 | Crear | Villager (Male) |
| 2:11 | Construir | Lumber Camp |
| 2:42 | Crear | Villager (Male) |
| 2:42 | Crear | Villager (Male) |
| 2:42 | Crear | Villager (Male) |
| 3:04 | Construir | House |
| 3:08 | Construir | House |
| 3:10 | Construir | House |
| 3:17 | Crear | Villager (Male) |
| 3:17 | Crear | Villager (Male) |
| 4:00 | Crear | Villager (Male) |
| 4:18 | Crear | Villager (Male) |
| 5:00 | Crear | Villager (Male) |
| 5:00 | Crear | Villager (Male) |
| 5:00 | Crear | Villager (Male) |
| 5:51 | Crear | Villager (Male) |
| 6:12 | Crear | Villager (Male) |
| 6:52 | Construir | Mill |
| 6:56 | Crear | Villager (Male) |
| 7:24 | Crear | Villager (Male) |
| 7:31 | Construir | Mill |
| 7:54 | Investigar | Feudal Age |
| 9:12 | Construir | Mining Camp |
| 9:53 | Crear | Villager (Male) |
| 9:54 | Crear | Villager (Male) |
| 10:02 | Crear | Villager (Male) |
| 10:28 | Investigar | Horse Collar |
| 10:36 | Construir | Mining Camp |
| 11:00 | Investigar | Double-Bit Axe |
| 11:07 | Construir | Farm |
| 11:07 | Construir | Farm |
| 11:08 | Construir | Farm |
| 11:09 | Construir | Farm |
| 11:12 | Crear | Villager (Male) |
| 11:24 | Construir | Farm |
| 11:30 | Construir | Farm |
| 11:38 | Crear | Villager (Male) |
| 12:04 | Crear | Villager (Male) |
| 12:33 | Crear | Villager (Male) |
| 12:39 | Construir | Market |
| 12:49 | Crear | Villager (Male) |
| 13:11 | Crear | Villager (Male) |
| 13:31 | Construir | House |
| 13:38 | Investigar | Loom |
| 13:53 | Construir | Blacksmith |
| 14:05 | Crear | Villager (Male) |
| 14:10 | Crear | Villager (Male) |
| 14:24 | Construir | Barracks |
| 14:31 | Construir | House |
| 14:33 | Construir | House |
| 14:58 | Crear | Villager (Male) |
| 15:31 | Investigar | Castle Age |
| 15:40 | Construir | House |
| 15:43 | Construir | House |
| 15:45 | Construir | House |
| 18:15 | Construir | Castle |
| 18:22 | Crear | Villager (Male) |
| 18:22 | Crear | Villager (Male) |
| 18:23 | Crear | Villager (Male) |
| 18:24 | Crear | Villager (Male) |
| 18:27 | Crear | Villager (Male) |
| 19:05 | Construir | Town Center |
| 19:07 | Crear | Villager (Male) |
| 19:19 | Construir | House |
| 19:20 | Construir | House |
| 19:26 | Construir | Siege Workshop |
| 19:28 | Construir | Siege Workshop |
| 20:00 | Crear | Villager (Male) |
| 20:04 | Construir | Farm |
| 20:05 | Construir | Farm |
| 20:05 | Construir | Farm |
| 20:05 | Construir | Farm |
| 20:23 | Investigar | Heavy Plow |
| 20:25 | Crear | Villager (Male) |
| 20:34 | Construir | Farm |
| 20:40 | Crear | Villager (Male) |
| 20:41 | Crear | Villager (Male) |
| 20:54 | Investigar | Bow Saw |
| 20:59 | Construir | Farm |
| 21:17 | Construir | Farm |
| 21:27 | Construir | Farm |
| 21:29 | Crear | Villager (Male) |
| 21:32 | Construir | Farm |
| 21:33 | Construir | Farm |
| 21:34 | Construir | Farm |
| 21:38 | Construir | Farm |
| 21:40 | Crear | Villager (Male) |
| 21:47 | Crear | Villager (Male) |
| 21:51 | Construir | Farm |
| 21:57 | Crear | Villager (Male) |
| 22:02 | Construir | Farm |
| 22:07 | Construir | House |
| 22:08 | Construir | House |
| 22:13 | Crear | Villager (Male) |
| 22:20 | Construir | Farm |
| 22:22 | Crear | Villager (Male) |
| 22:26 | Crear | Villager (Male) |
| 22:47 | Construir | Farm |
| 22:53 | Crear | Villager (Male) |
| 23:10 | Crear | Villager (Male) |
| 23:15 | Construir | Farm |
| 23:29 | Construir | Farm |
| 23:34 | Crear | Villager (Male) |
| 23:37 | Crear | Villager (Male) |
| 23:40 | Construir | Farm |
| 23:49 | Construir | Farm |
| 23:50 | Construir | Farm |
| 23:50 | Construir | Farm |
| 23:54 | Crear | Villager (Male) |
| 24:07 | Crear | Villager (Male) |
| 24:14 | Crear | Villager (Male) |
| 24:22 | Construir | Farm |
| 24:26 | Crear | Villager (Male) |
| 24:43 | Construir | Mill |
| 24:50 | Crear | Villager (Male) |
| 24:56 | Crear | Villager (Male) |
| 25:04 | Crear | Villager (Male) |
| 25:07 | Construir | Farm |
| 25:15 | Construir | Lumber Camp |
| 25:22 | Investigar | Imperial Age |
| 25:26 | Construir | Farm |
| 25:39 | Construir | Farm |
| 25:42 | Crear | Villager (Male) |
| 25:59 | Construir | Farm |
| 26:03 | Crear | Villager (Male) |
| 26:17 | Investigar | Padded Archer Armor |
| 26:19 | Investigar | Fletching |
| 26:24 | Crear | Villager (Male) |
| 26:29 | Crear | Scorpion |
| 26:29 | Crear | Scorpion |
| 26:30 | Crear | Scorpion |
| 26:30 | Crear | Scorpion |
| 26:36 | Crear | Villager (Male) |
| 26:38 | Crear | Villager (Male) |
| 26:44 | Investigar | Wheelbarrow |
| 26:56 | Construir | House |
| 26:57 | Construir | House |
| 26:59 | Construir | House |
| 27:00 | Construir | House |
| 27:01 | Construir | House |
| 27:04 | Construir | House |
| 27:06 | Construir | House |
| 27:08 | Construir | House |
Build order — 李諭
Primeras 150 de 495 acciones detectadas
| 0:01 | Crear | Villager (Male) |
| 0:02 | Crear | Villager (Male) |
| 0:03 | Construir | House |
| 0:05 | Construir | House |
| 0:27 | Crear | Villager (Male) |
| 0:49 | Crear | Villager (Male) |
| 1:42 | Crear | Villager (Male) |
| 1:48 | Construir | Mill |
| 1:57 | Crear | Villager (Male) |
| 2:29 | Crear | Villager (Male) |
| 2:36 | Construir | House |
| 2:38 | Construir | House |
| 3:11 | Crear | Villager (Male) |
| 3:29 | Crear | Villager (Male) |
| 3:59 | Crear | Villager (Male) |
| 4:04 | Crear | Villager (Male) |
| 4:42 | Crear | Villager (Male) |
| 4:44 | Crear | Villager (Male) |
| 5:30 | Crear | Villager (Male) |
| 5:31 | Crear | Villager (Male) |
| 5:42 | Crear | Villager (Male) |
| 5:46 | Construir | Lumber Camp |
| 5:57 | Crear | Villager (Male) |
| 6:26 | Crear | Villager (Male) |
| 6:57 | Crear | Villager (Male) |
| 7:36 | Crear | Villager (Male) |
| 7:52 | Construir | House |
| 7:53 | Construir | House |
| 7:54 | Construir | House |
| 7:57 | Crear | Villager (Male) |
| 8:04 | Crear | Villager (Male) |
| 8:19 | Construir | Mining Camp |
| 8:29 | Investigar | Feudal Age |
| 8:54 | Crear | Villager (Male) |
| 9:16 | Construir | Mining Camp |
| 9:43 | Crear | Villager (Male) |
| 10:31 | Crear | Villager (Male) |
| 10:47 | Edad | Edad Feudal |
| 10:56 | Construir | Farm |
| 10:57 | Construir | Farm |
| 11:00 | Crear | Villager (Male) |
| 11:14 | Crear | Villager (Male) |
| 11:26 | Construir | Market |
| 11:29 | Crear | Villager (Male) |
| 11:53 | Crear | Villager (Male) |
| 12:31 | Construir | Blacksmith |
| 12:36 | Construir | Farm |
| 12:57 | Construir | Farm |
| 13:05 | Crear | Villager (Male) |
| 13:37 | Investigar | Castle Age |
| 14:05 | Investigar | Horse Collar |
| 14:32 | Investigar | Double-Bit Axe |
| 14:42 | Crear | Villager (Male) |
| 15:02 | Construir | House |
| 15:03 | Construir | House |
| 15:11 | Construir | Barracks |
| 15:37 | Crear | Villager (Male) |
| 16:11 | Construir | Farm |
| 16:17 | Edad | Edad de los Castillos |
| 16:24 | Construir | Monastery |
| 16:27 | Crear | Spearman |
| 16:30 | Crear | Villager (Male) |
| 16:35 | Investigar | Bow Saw |
| 16:53 | Construir | Farm |
| 17:03 | Crear | Villager (Male) |
| 17:15 | Construir | Farm |
| 17:20 | Crear | Monk |
| 17:36 | Crear | Villager (Male) |
| 17:42 | Construir | Farm |
| 17:43 | Construir | Farm |
| 17:44 | Construir | Farm |
| 17:45 | Construir | Farm |
| 17:46 | Construir | Farm |
| 18:03 | Crear | Villager (Male) |
| 18:08 | Investigar | Heavy Plow |
| 18:12 | Crear | Monk |
| 18:37 | Crear | Villager (Male) |
| 19:05 | Construir | Farm |
| 19:41 | Construir | Castle |
| 19:42 | Crear | Villager (Male) |
| 19:51 | Crear | Villager (Male) |
| 20:27 | Crear | Spearman |
| 20:42 | Crear | Villager (Male) |
| 20:43 | Crear | Villager (Male) |
| 20:52 | Construir | Farm |
| 20:53 | Construir | Farm |
| 21:12 | Crear | Villager (Male) |
| 21:13 | Crear | Villager (Male) |
| 21:37 | Construir | Mining Camp |
| 21:42 | Crear | Villager (Male) |
| 21:43 | Crear | Villager (Male) |
| 21:53 | Construir | Farm |
| 21:54 | Construir | Farm |
| 21:59 | Crear | Villager (Male) |
| 22:24 | Crear | Villager (Male) |
| 22:40 | Construir | Town Center |
| 22:44 | Crear | Villager (Male) |
| 23:05 | Construir | House |
| 23:06 | Construir | House |
| 23:07 | Construir | House |
| 23:08 | Construir | House |
| 23:08 | Construir | House |
| 23:09 | Construir | House |
| 23:25 | Construir | Archery Range |
| 23:34 | Investigar | Corvinian Army |
| 23:38 | Crear | Villager (Male) |
| 23:39 | Crear | Villager (Male) |
| 23:40 | Crear | Villager (Male) |
| 23:54 | Investigar | Gold Mining |
| 23:55 | Investigar | Stone Mining |
| 24:15 | Crear | Villager (Male) |
| 24:16 | Crear | Villager (Male) |
| 24:17 | Crear | Villager (Male) |
| 24:36 | Construir | Archery Range |
| 24:38 | Crear | Villager (Male) |
| 24:50 | Construir | Mill |
| 24:53 | Construir | Farm |
| 24:53 | Construir | Farm |
| 24:53 | Construir | Farm |
| 24:54 | Construir | Farm |
| 24:54 | Construir | Farm |
| 24:54 | Construir | Farm |
| 24:54 | Construir | Farm |
| 24:55 | Construir | Farm |
| 24:55 | Construir | Farm |
| 24:56 | Construir | Farm |
| 25:28 | Construir | Farm |
| 25:34 | Crear | Villager (Male) |
| 25:35 | Crear | Villager (Male) |
| 25:53 | Crear | Villager (Male) |
| 25:55 | Crear | Villager (Male) |
| 26:18 | Construir | Castle |
| 26:20 | Crear | Villager (Male) |
| 26:21 | Crear | Villager (Male) |
| 26:31 | Construir | House |
| 26:32 | Construir | House |
| 26:33 | Construir | House |
| 26:36 | Crear | Villager (Male) |
| 26:49 | Construir | Mining Camp |
| 26:51 | Crear | Villager (Male) |
| 27:14 | Construir | University |
| 27:16 | Crear | Villager (Male) |
| 27:20 | Investigar | Imperial Age |
| 27:22 | Crear | Villager (Male) |
| 27:44 | Crear | Magyar Huszar |
| 28:12 | Crear | Villager (Male) |
| 28:13 | Crear | Villager (Male) |
| 28:14 | Investigar | Wheelbarrow |
| 28:15 | Crear | Villager (Male) |
| 28:31 | Crear | Villager (Male) |
Cronología de la partida
| 7:35 | give me bomb · first_building Barracks |
| 8:01 | alakerman · first_building Barracks |
| 10:47 | 李諭 · age_up feudal |
| 11:09 | give me bomb · age_up feudal |
| 11:14 | agiardpro · age_up feudal |
| 11:41 | agiardpro · first_building Barracks |
| 12:05 | alakerman · age_up feudal |
| 12:36 | PITUFO1998 · first_building Barracks |
| 12:42 | ULIVS96 · first_market_sell 100 wood |
| 13:14 | alakerman · first_market_sell 100 wood |
| 14:17 | PITUFO1998 · first_building Stable |
| 14:21 | sujing810 · age_up feudal |
| 14:24 | HoCkOnEr · first_building Barracks |
| 14:39 | agiardpro · first_building Stable |
| 14:47 | give me bomb · first_building Archery Range |
| 15:11 | 李諭 · first_building Barracks |
| 16:17 | 李諭 · age_up castle |
| 16:24 | 李諭 · first_building Monastery |
| 16:37 | alakerman · age_up castle |
| 17:54 | PITUFO1998 · first_market_buy 100 wood |
| 18:03 | give me bomb · age_up castle |
| 18:09 | alakerman · first_building Castle |
| 18:15 | HoCkOnEr · first_building Castle |
| 18:30 | HoCkOnEr · first_market_sell 100 wood |
| 18:50 | PITUFO1998 · first_building Castle |
| 19:01 | PITUFO1998 · first_building Archery Range |
| 19:26 | sujing810 · first_building Barracks |
| 19:26 | HoCkOnEr · first_building Siege Workshop |
| 19:26 | agiardpro · age_up castle |
| 19:41 | 李諭 · first_building Castle |
| 20:21 | sujing810 · age_up castle |
| 21:04 | give me bomb · first_market_buy 100 food |
| 21:50 | give me bomb · first_building Castle |
| 22:02 | ULIVS96 · first_building Barracks |
| 22:34 | ULIVS96 · first_market_buy 100 food |
| 23:09 | sujing810 · first_building Castle |
| 23:24 | ULIVS96 · first_building Stable |
| 23:25 | 李諭 · first_building Archery Range |
| 23:27 | HoCkOnEr · first_market_buy 100 wood |
| 24:05 | alakerman · first_building Siege Workshop |
| 24:23 | agiardpro · first_building Castle |
| 24:28 | ULIVS96 · first_building Castle |
| 24:45 | sujing810 · wall_segment Stone Wall x20 |
| 25:47 | agiardpro · first_market_buy 100 stone |
| 25:54 | alakerman · first_building Stable |
| 28:36 | PITUFO1998 · first_market_sell 100 wood |
| 28:59 | sujing810 · first_building Archery Range |
| 30:30 | 李諭 · age_up imperial |
| 30:45 | sujing810 · age_up imperial |
| 32:51 | agiardpro · first_building Monastery |
| 33:10 | PITUFO1998 · first_building Siege Workshop |
| 33:25 | alakerman · age_up imperial |
| 33:50 | give me bomb · age_up imperial |
| 36:08 | agiardpro · age_up imperial |
| 37:41 | sujing810 · first_market_sell 100 wood |
| 37:44 | sujing810 · first_market_buy 100 food |
| 38:26 | alakerman · first_building Archery Range |
| 38:28 | give me bomb · first_building Siege Workshop |
| 44:22 | HoCkOnEr · resign |
[ ANÁLISIS IA · 1 CRÉDITO ]
¿Qué pasó realmente en esta partida?
Wolo.gg analiza cada decisión: build order, eco, micro, errores típicos por bracket. Análisis personalizado por WhatsApp o Discord en 30 segundos.
Guía civ
Aztecas
Perfil
Jugador #6819652